Map: Rifts to Korhal

Players

wayne

  • Race: Zerg Zerg

Odin

  • Race: Protoss Protoss
  • League: Gold
  • Spawn Location: 7:00

VOD

Have the link to the VOD?

Description

Time

  • Played on: July 24, 2018, 1:35 a.m.
  • Length: 17:32
Show
View Real Time Build Order
Export as new Build Order

wayne Zerg 

Build Orders:  

Get SALT Encoding   

  18  0:12  Extractor  
  19  0:41  Primal Drone  
  19  0:43  Primal Warden  
  19  0:49  Primal Drone  
  21  0:56  Primal Drone  
  22  1:08  Primal Drone  
  23  1:14  Primal Drone  
  24  1:47  Glevig's Den  
  23  1:54  Extractor  
  23  1:57  Primal Drone  
  24  2:03  Primal Drone  
  24  2:09  Primal Drone  
  26  2:18  Primal Drone  
  27  2:22  Primal Drone  
  28  2:31  Primal Drone  
  29  2:40  Primal Drone  
  30  2:50  Primal Drone  
  31  3:06  Primal Drone  
  32  3:24  Murvar's Den, Primal Drone  
  32  3:55  Primal Drone  
  32  3:58  Primal Hive  
  38  4:05  Primal Drone  
  39  4:19  Primal Warden  
  39  4:20  Primal Drone  
  39  4:26  Primal Attacks Level 1  
  40  4:40  Primal Drone  
  41  5:02  Primal Drone x2  
  41  5:09  Muscular Augments  
  43  5:22  Primal Drone  
  44  5:31  Slicing Glave  
  44  5:32  Primal Drone, Dakrun's Den  
  44  6:08  Extractor x2  
  44  6:09  Primal Drone x3  
  47  6:10  Primal Drone x4  
  47  6:12  Primal Carapace Level 1  
  51  6:27  Primal Drone x2  
  53  6:31  Shifting Carapace  
  53  6:33  Primal Drone  
  54  6:43  Primal Drone  
  55  7:37  Primal Drone x3  
  55  7:38  Primal Drone x2  
  55  7:39  Primal Attacks Level 2  
  60  7:50  Primal Reconstitution  
  60  7:54  Primal Drone x4  
  64  8:06  Primal Hydralisk x5  
  74  8:16  Primal Drone x2  
  77  8:25  Primal Warden  
  77  9:00  Primal Carapace Level 2  
  77  9:02  Primal Hydralisk x3  
  83  9:24  Primal Hydralisk  
  85  10:07  Primal Hydralisk x3  
  85  10:08  Primal Hydralisk x3  
  97  11:04  Primal Hydralisk x4  
  97  11:05  Primal Hydralisk x4  
  113  11:24  Primal Hydralisk x2  
  113  11:27  Primal Attacks Level 3  
  117  11:30  Primal Mutalisk x2  
  117  11:31  Primal Mutalisk x5  
  110  11:40  Primal Hydralisk x2  
  114  12:10  Primal Hydralisk x4  
  114  12:13  Primal Mutalisk x3  
  119  12:45  Primal Carapace Level 3  
  119  12:53  Primal Hydralisk x2  
  119  12:54  Primal Hydralisk  
  125  13:05  Primal Hydralisk x2  
  129  13:23  Primal Mutalisk x4  
  129  13:24  Primal Mutalisk x2  
  123  13:34  Primal Mutalisk  
  122  14:45  Primal Hydralisk x3  
  122  14:46  Primal Hydralisk x5  
  122  14:47  Primal Hydralisk x2  
  142  14:56  Primal Mutalisk  
  141  15:45  Primal Mutalisk x4  
  141  15:46  Primal Mutalisk  
  136  15:52  Primal Hydralisk x4  
  136  15:53  Primal Hydralisk x4  
  152  16:24  Primal Hydralisk x2  
  152  16:25  Primal Hydralisk x2  
  160  16:41  Primal Hydralisk  
  160  16:42  Primal Hydralisk  
Show
View Real Time Build Order
Export as new Build Order

Odin Protoss 

Build Orders:  

Get SALT Encoding   

  12  0:05  Probe (Chrono Boost)  
  13  0:29  Gateway  
  13  0:38  Pylon  
  13  2:08  Probe (Chrono Boost)  
  14  2:16  Gateway  
  14  2:17  Pylon  
  14  2:21  Pylon  
  14  2:22  Probe (Chrono Boost)  
  14  2:24  Assimilator  
  15  2:35  Zealot  
  15  2:36  Probe (Chrono Boost), Zealot  
  20  2:50  Probe (Chrono Boost)  
  21  3:04  Probe (Chrono Boost)  
  22  3:18  Probe (Chrono Boost)  
  23  3:25  Cybernetics Core  
  23  3:27  Pylon  
  23  3:28  Pylon  
  23  3:31  Probe (Chrono Boost)  
  24  3:45  Probe (Chrono Boost)  
  25  3:59  Probe (Chrono Boost)  
  26  4:13  Probe (Chrono Boost), Assimilator  
  27  4:26  Twilight Council  
  27  4:27  Probe (Chrono Boost)  
  28  4:30  Pylon  
  28  4:41  Probe (Chrono Boost)  
  29  4:55  Probe (Chrono Boost)  
  30  5:03  Nexus  
  30  5:09  Probe (Chrono Boost)  
  31  5:13  Dragoon x2  
  35  6:24  Probe (Chrono Boost)  
  35  6:28  Charge  
  36  6:37  Probe (Chrono Boost)  
  37  6:47  Pylon x2  
  37  6:49  Probe (Chrono Boost)  
  37  6:51  Probe (Chrono Boost)  
  39  7:03  Probe (Chrono Boost)  
  39  7:05  Probe (Chrono Boost)  
  41  7:17  Probe (Chrono Boost)  
  41  7:19  Probe (Chrono Boost)  
  42  7:28  Whirlwind  
  42  7:29  Assimilator  
  43  7:31  Probe (Chrono Boost)  
  43  7:32  Pylon  
  43  7:33  Probe (Chrono Boost)  
  43  7:35  Pylon, Assimilator  
  45  7:45  Probe (Chrono Boost)  
  45  7:47  Probe (Chrono Boost)  
  47  7:53  Gateway  
  47  7:57  Gateway  
  47  7:59  Probe (Chrono Boost)  
  48  8:01  Pylon x2, Probe (Chrono Boost)  
  48  8:04  Pylon  
  49  8:54  Zealot x5  
  49  8:55  Zealot  
  61  9:05  Robotics Facility  
  61  9:14  Templar Archives  
  61  9:16  Pylon x2  
  61  9:31  Zealot x5  
  61  9:34  Zealot  
  73  10:30  Psionic Storm, Khaydarin Amulet  
  73  10:31  Probe (Chrono Boost)  
  73  10:32  Probe (Chrono Boost)  
  73  10:38  High Templar x2  
  73  10:39  High Templar x2  
  83  10:40  High Templar  
  83  10:45  Probe x2 (Chrono Boost)  
  87  10:50  High Templar  
  87  10:52  Archon x2  
  87  10:53  Archon  
  87  10:55  Zealot x4  
  87  10:56  Zealot  
  87  10:59  Probe x2 (Chrono Boost)  
  101  11:13  Probe x2 (Chrono Boost)  
  103  11:27  Probe x2 (Chrono Boost)  
  105  11:42  Dragoon x3  
  105  11:43  Dragoon x2  
  115  12:20  Zealot x2  
  115  12:26  Immortal x3  
  131  12:30  Plasma Surge  
  131  13:20  Zealot x3  
  131  13:21  Zealot x2  
  141  13:35  Pylon  
  141  13:37  Pylon  
  141  13:40  Gateway  
  141  13:41  Gateway  
  141  13:42  Pylon  
  141  13:47  Gateway x2  
  141  13:50  Pylon x2  
  141  13:55  Gateway x2  
  141  13:57  Pylon  
  141  14:00  Pylon  
  141  15:01  Pylon  
  141  15:08  Forge x2  
  141  15:12  Forge  
  141  15:18  High Templar  
  141  15:19  High Templar x2  
  147  15:20  High Templar x2  
  147  15:21  High Templar x3  
  147  15:22  High Templar  
  147  15:27  Zealot  
  147  15:28  Zealot x6  
  147  15:29  Zealot x4  
  181  15:35  High Templar  
  183  16:26  Archon x3  
  183  16:27  Archon  
  177  16:49  Archon  
  177  16:59  Zealot x3  
  183  17:00  Zealot x5  
  183  17:01  Zealot x3  
Tags
 
Commander
ArtanisDehaka
League
Gold
Matchup
Co-op
Replay Pack
Co-op Missions
Add a new tag
Caveats
  • Supply blocks, unpowered buildings, or Contaminate may cause inaccurate times.
  • Supply counts are checked every 10 seconds.